 Dungeon Crawl Stone Soup version 0.22.0-49-gab54619 (webtiles) character file.

179 Fang the Chopper (level 5, 0/49 HPs)
             Began as a Gargoyle Berserker on Sept 7, 2018.
             Was a Believer of Trog.
             Slain by Pikel
             ... wielding a +2 whip of flaming
              (7 damage)
             ... on level 4 of the Dungeon on Sept 8, 2018.
             The game lasted 00:03:57 (1722 turns).

Fang the Chopper (Gargoyle Berserker)               Turns: 1722, Time: 00:03:57

Health: 0/49       AC:  6    Str: 26    XL:     5   Next: 59%
Magic:  5/5        EV: 12    Int:  8    God:    Trog [**....]
Gold:   75         SH:  0    Dex:  9    Spells: 4/4 levels left

rFire    . . .     SeeInvis .   a - +0 hand axe
rCold    . . .     Gourm    .   (no shield)
rNeg     + . .     Faith    .   b - +0 animal skin
rPois    ∞         Spirit   .   (no helmet)
rElec    +         Reflect  .   (no cloak)
rCorr    .         Harm     .   (no gloves)
MR       +....                  (no boots)
Stlth    ..........             l - amulet of the acrobat
HPRegen  0.16/turn              i - ring of protection from magic
MPRegen  0.09/turn              m - ring of attention (curse)

@: berserking, very quick
A: negative energy resistance 1, electricity resistance, unbreathing,
petrification resistance, rot immunity, AC +4
a: Berserk, Trog's Hand, Renounce Religion


You were on level 4 of the Dungeon.
You worshipped Trog.
Trog was pleased with you.
You were very hungry.

You visited 1 branch of the dungeon, and saw 3 of its levels.

You collected 75 gold pieces.

Inventory:

Hand Weapons
 a - a +0 hand axe (weapon)
Armour
 b - a +0 animal skin (worn)
Jewellery
 i - a ring of protection from magic (left hand)
 l - an amulet of the acrobat (around neck)
 m - a cursed ring of attention (right hand)
Scrolls
 d - 4 scrolls of identify {unknown}
 e - 3 scrolls of amnesia {unknown}
 f - a scroll of magic mapping {unknown}
 g - a scroll of fear {unknown}
 j - a scroll of fog {unknown}
Potions
 h - 3 potions of berserk rage {unknown}
 k - a potion of heal wounds {unknown}
 o - a potion of cancellation {unknown}
Comestibles
 c - 4 rations


   Skills:
 + Level 4.2 Fighting
 + Level 4.2 Axes
 + Level 2.4 Armour
 + Level 2.6 Dodging
 + Level 0.6 Stealth


You had 4 spell levels left.
You didn't know any spells.
Your spell library was empty.

Dungeon Overview and Level Annotations

Branches:
Dungeon (2/15)

Altars:

Shops:
D:4 [

Annotations:
D:4 Pikel


Innate Abilities, Weirdness & Mutations

You are resistant to torment.
Your stone body is resilient. (AC +4)
You are immune to poison.
You resist negative energy. (rN+)
You are resistant to electric shocks. (rElec)
You can survive without breathing.
You are immune to petrification.
You are immune to rotting.


Message History

* * * LOW HITPOINT WARNING * * *
Pikel burns you.
* * * LOW HITPOINT WARNING * * *
You closely miss Pikel.
Pikel is lightly wounded.
Pikel hits you but does no damage.
You slash Pikel!
Pikel is moderately wounded.
Pikel barely misses you.
You slash Pikel!
Pikel is heavily wounded.
Unknown command.
You slash Pikel!
Pikel is almost dead.
Pikel closely misses you.
Unknown command.
You barely miss Pikel.
Pikel is almost dead.
Pikel hits you with a whip of flaming!
You die...

. ...# .. ...#
...## ...# .....#
...# . ...p# ..#
##.. #pK##..#
##.... #@.#
###......
##'#######........
+∩'.#............
#+#....#.........
#...(###.........
####.##..........
#.###......... #.#
##........ #.#
##.......


You could see Pikel and 2 slaves.

Vanquished Creatures
  An ogre (D:4)
  A worker ant (D:4)
  2 adders
  2 oozes (D:1)
  A dart slug (D:1)
  3 leopard geckos
  4 bats
  A giant cockroach (D:4)
  6 goblins
  7 hobgoblins (D:1)
  2 kobolds
  A quokka (D:2)
  4 frilled lizards
  5 rats
40 creatures vanquished.

Notes
Turn   | Place    | Note
-------+----------+-------------------------------------------
     0 | D:1      | Fang the Gargoyle Berserker began the quest for the Orb.
     0 | D:1      | Reached XP level 1. HP: 14/14 MP: 1/1
    43 | D:1      | Reached XP level 2. HP: 10/19 MP: 2/2
   528 | D:1      | Reached XP level 3. HP: 23/23 MP: 3/3
  1025 | D:2      | Reached ** piety under Trog
  1374 | D:2      | You fall through a shaft for 2 floors!
  1377 | D:4      | Reached XP level 4. HP: 29/29 MP: 4/4
  1437 | D:4      | Noticed an ogre
  1446 | D:4      | Killed an ogre
  1446 | D:4      | Reached XP level 5. HP: 33/33 MP: 5/5
  1700 | D:4      | Found Vome's Antique Armour Shoppe.
  1704 | D:4      | Noticed a slave
  1705 | D:4      | Noticed a slave
  1708 | D:4      | Noticed Pikel
  1711 | D:4      | Noticed a slave
  1722 | D:4      | Slain by Pikel

Skill      XL: |  1  2  3  4 |
---------------+-------------+-----
Axes           | 3 4 |  4.2
Dodging        | 2 |  2.6
Fighting       | 4 |  4.2
Armour         | |  2.4
Stealth        | |  0.6

Action                   |  1- 3 |  4- 6 || total
-------------------------+-------+-------++-------
Melee: Hand axe          |   111 |    34 ||   145
Invok: Berserk           |     1 |     2 ||     3
  Eat: Chunk             |     3 |     1 ||     4
Armor: Animal skin       |    36 |     6 ||    42
Dodge: Dodged            |    86 |    17 ||   103
